TOP OF THE 1ST |
Arizona State University Sun Devils batting - Pitching for Oregon State University Beavers : LHP Bobby Shaw
|
Pitching: LHP Bobby Shaw
|
|
Batting: RHB Alonzo Cardona
|
0-0: Ball 1-0: Foul Ball, location: 2F 1-1: Fly out, F8 (Line Drive, 8RD, EV 91.2 MPH)
|
Batting: LHB Eddie Lemus
|
0-0: Ball 1-0: Fly out, F8 (Flyball, 8RXD, EV 102.5 MPH)
|
Batting: LHB Pedro Garza
|
0-0: Ground out 4-3 (Groundball, 4, EV 91.9 MPH)
|
Top of the 1st over - 0 runs, 0 hits, 0 errors, 0 left on base; Arizona State University 0 - Oregon State University 0 |
BOTTOM OF THE 1ST |
Oregon State University Beavers batting - Pitching for Arizona State University Sun Devils : RHP Russell MacKay
|
Pitching: RHP Russell MacKay
|
|
Batting: LHB Sun-wei Kuai
|
0-0: Ball 1-0: Ball 2-0: Called Strike 2-1: Fly out, F8 (Flyball, 8LD, EV 93.8 MPH)
|
Batting: RHB Chiang-hui Hsi
|
0-0: Ball 1-0: SINGLE (Groundball, 5D, EV 104.4 MPH)
|
Batting: RHB Mario Avila
|
0-0: Called Strike 0-1: DOUBLE (Groundball, 5L, EV 103.8 MPH) Chiang-hui Hsi to third Runner from 3rd tries for Home, SAFE, throw by LF to home
|
Batting: LHB Jose Diaz
|
0-0: Ball 1-0: Ground out U3 (Groundball, 3, EV 91.9 MPH) Mario Avila to third
|
Batting: RHB Gary Smith
|
0-0: Called Strike 0-1: Ball 1-1: Swinging Strike 1-2: Ball 2-2: SINGLE (Groundball, 6S, EV 66.9 MPH) (infield hit) Mario Avila scores
|
Batting: LHB Chad Carlson
|
0-0: Ground out 4-3 (Groundball, 4, EV 80.6 MPH)
|
Bottom of the 1st over - 2 runs, 3 hits, 0 errors, 1 left on base; Arizona State University 0 - Oregon State University 2 |
TOP OF THE 2ND |
Arizona State University Sun Devils batting - Pitching for Oregon State University Beavers : LHP Bobby Shaw
|
Batting: SHB Joan Coucieiro
|
0-0: Foul Ball, location: 2F 0-1: Swinging Strike 0-2: Strikes out swinging
|
Batting: RHB Jordan Dugue
|
0-0: Called Strike 0-1: Ball 1-1: Ball 2-1: Foul Ball, location: 2F 2-2: Strikes out looking
|
Batting: RHB Wilfrid Telgen
|
0-0: Called Strike 0-1: Foul Ball, location: 2F 0-2: Foul Ball, location: 2F 0-2: Ball 1-2: SINGLE (Groundball, 6MD, EV 110.6 MPH)
|
Batting: RHB Adrian Quilantan
|
0-0: Ball 1-0: Foul Ball, location: 2F 1-1: Ball 2-1: Ground out 4-3 (Groundball, 34S, EV 88.1 MPH)
|
Top of the 2nd over - 0 runs, 1 hit, 0 errors, 1 left on base; Arizona State University 0 - Oregon State University 2 |
BOTTOM OF THE 2ND |
Oregon State University Beavers batting - Pitching for Arizona State University Sun Devils : RHP Russell MacKay
|
Batting: RHB Edwin Sierra
|
0-0: Ball 1-0: Ball 2-0: Ball 3-0: Base on Balls
|
Batting: RHB Yasuyuki Moriyama
|
0-0: Called Strike 0-1: Ball 1-1: Ball 2-1: Foul Ball, location: 2F 2-2: Foul Ball, location: 2F 2-2: Foul Ball, location: 2F 2-2: Ball 3-2: Foul Ball, location: 2F 3-2: DOUBLE (Flyball, 8LD, EV 110.0 MPH) Edwin Sierra to third
|
Batting: RHB Jim Unknown
|
0-0: Ball Wild Pitch! Edwin Sierra scores Yasuyuki Moriyama to third 1-0: Called Strike 1-1: Fly out, F8 (Line Drive, 8LD, EV 87.5 MPH) Runner from 3rd tags up, SCORES, throw by CF
|
Batting: LHB Sun-wei Kuai
|
0-0: Called Strike 0-1: Ball 1-1: Swinging Strike 1-2: Foul Ball, location: 2F 1-2: Strikes out swinging
|
Batting: RHB Chiang-hui Hsi
|
0-0: Fly out, F9 (Flyball, 9LM, EV 87.5 MPH)
|
Bottom of the 2nd over - 2 runs, 1 hit, 0 errors, 0 left on base; Arizona State University 0 - Oregon State University 4 |
TOP OF THE 3RD |
Arizona State University Sun Devils batting - Pitching for Oregon State University Beavers : LHP Bobby Shaw
|
Batting: RHB Arturo Gomez
|
0-0: Ball 1-0: Foul Ball, location: 2F 1-1: Called Strike 1-2: Strikes out swinging, 2-3 out at first.
|
Batting: LHB Kenny Jackson
|
0-0: Called Strike 0-1: Fly out, F8 (Flyball, 8LM, EV 77.5 MPH)
|
Batting: RHB Alonzo Cardona
|
0-0: Ball 1-0: Foul Ball, location: 2F 1-1: Called Strike 1-2: Strikes out swinging
|
Top of the 3rd over - 0 runs, 0 hits, 0 errors, 0 left on base; Arizona State University 0 - Oregon State University 4 |
BOTTOM OF THE 3RD |
Oregon State University Beavers batting - Pitching for Arizona State University Sun Devils : RHP Russell MacKay
|
Batting: RHB Mario Avila
|
0-0: Swinging Strike 0-1: Foul Ball, location: 2F 0-2: Ball 1-2: Strikes out swinging, 2-3 out at first.
|
Batting: LHB Jose Diaz
|
0-0: Called Strike 0-1: Swinging Strike 0-2: Foul Ball, location: 2F 0-2: Foul Ball, location: 2F 0-2: Ball 1-2: Hit by Pitch
|
Batting: RHB Gary Smith
|
0-0: Called Strike 0-1: Ball 1-1: Ball 2-1: Foul Ball, location: 2F 2-2: Foul Ball, location: 2F 2-2: Fielders Choice at 2nd, 5-4 (Groundball, 56, EV 85.0 MPH)
|
Batting: LHB Chad Carlson
|
0-0: SINGLE (Flyball, 7S, EV 98.1 MPH) Gary Smith to second
|
Batting: RHB Edwin Sierra
|
0-0: Called Strike 0-1: Ball 1-1: Ball 2-1: Foul Ball, location: 2F 2-2: SINGLE (Line Drive, 9S, EV 96.2 MPH) Gary Smith to third Chad Carlson to second Runner from 3rd tries for Home, SAFE, throw by RF to home
|
Batting: RHB Yasuyuki Moriyama
|
0-0: Ball Wild Pitch! Chad Carlson to third Edwin Sierra to second 1-0: SINGLE (Line Drive, 78S, EV 101.2 MPH) Chad Carlson scores Edwin Sierra to third
|
Batting: RHB Jim Unknown
|
0-0: Foul Ball, location: 2F 0-1: Swinging Strike 0-2: Ball 1-2: Strikes out swinging
|
Bottom of the 3rd over - 2 runs, 3 hits, 0 errors, 2 left on base; Arizona State University 0 - Oregon State University 6 |
TOP OF THE 4TH |
Arizona State University Sun Devils batting - Pitching for Oregon State University Beavers : LHP Bobby Shaw
|
Batting: LHB Eddie Lemus
|
0-0: Swinging Strike 0-1: Foul Ball, location: 2F 0-2: Ball 1-2: Strikes out swinging
|
Batting: LHB Pedro Garza
|
0-0: Called Strike 0-1: DOUBLE (Line Drive, 8LXD, EV 103.8 MPH)
|
Batting: SHB Joan Coucieiro
|
0-0: Foul Ball, location: 2F 0-1: Ball 1-1: Ball 2-1: Swinging Strike 2-2: Foul Ball, location: 2F 2-2: Ball 3-2: Strikes out swinging
|
Batting: RHB Jordan Dugue
|
0-0: Fly out, F8 (Flyball, 89D, EV 88.8 MPH)
|
Top of the 4th over - 0 runs, 1 hit, 0 errors, 1 left on base; Arizona State University 0 - Oregon State University 6 |
BOTTOM OF THE 4TH |
Oregon State University Beavers batting - Pitching for Arizona State University Sun Devils : RHP Russell MacKay
|
Batting: LHB Sun-wei Kuai
|
0-0: Ball 1-0: Ball 2-0: Called Strike 2-1: Called Strike 2-2: Ball 3-2: Base on Balls
|
Pitching: LHP Jim Unknown
|
|
Batting: RHB Chiang-hui Hsi
|
0-0: Foul Ball, location: 2F 0-1: SINGLE (Groundball, 4S, EV 68.8 MPH) (infield hit) Sun-wei Kuai to second
|
Batting: RHB Mario Avila
|
0-0: Called Strike 0-1: Swinging Strike 0-2: Ball 1-2: Ball 2-2: Ball 3-2: Strikes out looking
|
Batting: LHB Jose Diaz
|
0-0: Fielders Choice at 2nd, 3-6 (Groundball, 3, EV 88.1 MPH) Sun-wei Kuai to third
|
Batting: RHB Gary Smith
|
0-0: Called Strike 0-1: Ball 1-1: Swinging Strike 1-2: Ball 2-2: 3-RUN HOME RUN (Flyball, 78XD, EV 103.8 MPH), Distance : 424 ft
|
Batting: LHB Chad Carlson
|
0-0: Ball 1-0: Ground out 4-3 (Groundball, 4, EV 81.9 MPH)
|
Bottom of the 4th over - 3 runs, 2 hits, 0 errors, 0 left on base; Arizona State University 0 - Oregon State University 9 |
TOP OF THE 5TH |
Arizona State University Sun Devils batting - Pitching for Oregon State University Beavers : LHP Bobby Shaw
|
Batting: RHB Wilfrid Telgen
|
0-0: Swinging Strike 0-1: Ball 1-1: Fly out, F4 (Popup, 34D, EV 66.9 MPH)
|
Batting: RHB Adrian Quilantan
|
0-0: Ball 1-0: Foul Ball, location: 2F 1-1: Ball 2-1: Called Strike 2-2: Strikes out swinging
|
Batting: RHB Arturo Gomez
|
0-0: Ball 1-0: Fly out, F7 (Flyball, 7LS, EV 94.4 MPH)
|
Top of the 5th over - 0 runs, 0 hits, 0 errors, 0 left on base; Arizona State University 0 - Oregon State University 9 |
BOTTOM OF THE 5TH |
Oregon State University Beavers batting - Pitching for Arizona State University Sun Devils : LHP Jim Unknown
|
Batting: RHB Edwin Sierra
|
0-0: Ball 1-0: Ball 2-0: Fly out, F9 (Flyball, 89D, EV 84.4 MPH)
|
Batting: RHB Yasuyuki Moriyama
|
0-0: Ground out U3 (Groundball, 3, EV 110.0 MPH)
|
Batting: RHB Jim Unknown
|
0-0: Swinging Strike 0-1: SINGLE (Line Drive, 78M, EV 95.0 MPH)
|
Batting: LHB Sun-wei Kuai
|
0-0: Foul Ball, location: 2F 0-1: Fly out, F8 (Flyball, 8LM, EV 81.9 MPH)
|
Bottom of the 5th over - 0 runs, 1 hit, 0 errors, 1 left on base; Arizona State University 0 - Oregon State University 9 |
TOP OF THE 6TH |
Arizona State University Sun Devils batting - Pitching for Oregon State University Beavers : LHP Bobby Shaw
|
Pitching: RHP Zachary Whilden
|
|
Batting: LHB Kenny Jackson
|
0-0: Ball 1-0: SINGLE (Groundball, 4MD, EV 104.4 MPH)
|
Batting: RHB Alonzo Cardona
|
0-0: Ball 1-0: Foul Ball, location: 2F 1-1: DOUBLE (Line Drive, 7LM, EV 106.9 MPH) Kenny Jackson to third
|
Batting: LHB Eddie Lemus
|
0-0: Called Strike 0-1: Hit by Pitch
|
Pinch Runner at 1st Raul Vargas:
|
|
Batting: LHB Pedro Garza
|
0-0: Ball 1-0: Ball 2-0: Foul Ball, location: 2F 2-1: Grounds into double play, 4-6-3 (Groundball, 4, EV 105.0 MPH) Kenny Jackson scores Alonzo Cardona to third
|
Batting: SHB Joan Coucieiro
|
0-0: Ball 1-0: Ball 2-0: Ball 3-0: Called Strike 3-1: Base on Balls
|
Batting: RHB Jordan Dugue
|
0-0: Ball 1-0: Fly out, F9 (Flyball, 89D, EV 80.0 MPH)
|
Top of the 6th over - 1 run, 2 hits, 0 errors, 2 left on base; Arizona State University 1 - Oregon State University 9 |
BOTTOM OF THE 6TH |
Oregon State University Beavers batting - Pitching for Arizona State University Sun Devils : LHP Jim Unknown
|
Now in CF: Raul Vargas
|
|
Batting: RHB Chiang-hui Hsi
|
0-0: Ground out 5-3 (Groundball, 56, EV 105.0 MPH)
|
Batting: RHB Mario Avila
|
0-0: Called Strike 0-1: Called Strike 0-2: SINGLE (Flyball, 89S, EV 98.8 MPH)
|
Batting: LHB Jose Diaz
|
0-0: Fly out, F8 (Flyball, 8LM, EV 86.2 MPH)
|
Batting: RHB Gary Smith
|
0-0: Ball 1-0: Fly out, F9 (Flyball, 9, EV 90.0 MPH)
|
Bottom of the 6th over - 0 runs, 1 hit, 0 errors, 1 left on base; Arizona State University 1 - Oregon State University 9 |
TOP OF THE 7TH |
Arizona State University Sun Devils batting - Pitching for Oregon State University Beavers : RHP Zachary Whilden
|
Batting: RHB Wilfrid Telgen
|
0-0: Ground out 1-3 (Groundball, 13S, EV 66.2 MPH)
|
Batting: RHB Adrian Quilantan
|
0-0: SOLO HOME RUN (Flyball, 7D, EV 99.4 MPH), Distance : 386 ft
|
Batting: RHB Arturo Gomez
|
0-0: Fly out, F8 (Flyball, 8LD, EV 89.4 MPH)
|
Batting: LHB Kenny Jackson
|
0-0: Ground out U3 (Groundball, 3, EV 88.8 MPH)
|
Top of the 7th over - 1 run, 1 hit, 0 errors, 0 left on base; Arizona State University 2 - Oregon State University 9 |
BOTTOM OF THE 7TH |
Oregon State University Beavers batting - Pitching for Arizona State University Sun Devils : LHP Jim Unknown
|
Batting: LHB Chad Carlson
|
0-0: Ball 1-0: Called Strike 1-1: Swinging Strike 1-2: Ball 2-2: Reached on error, E6 (Groundball, 56D, EV 108.1 MPH)
|
Batting: RHB Edwin Sierra
|
0-0: Foul Ball, location: 2F 0-1: Ball 1-1: Swinging Strike 1-2: Fly out, F9 (Flyball, 89D, EV 107.5 MPH) Runner from 2nd tags up, SAFE at 3rd, no throw by RF
|
Batting: RHB Yasuyuki Moriyama
|
0-0: Ball 1-0: Ball 2-0: Called Strike 2-1: Ball 3-1: Base on Balls
|
Batting: RHB Jim Unknown
|
0-0: Called Strike 0-1: SINGLE (Line Drive, 56D, EV 95.0 MPH) Chad Carlson scores Yasuyuki Moriyama to second
|
Batting: LHB Sun-wei Kuai
|
0-0: Fielders Choice at 2nd, 5-4 (Groundball, 56, EV 93.1 MPH) Yasuyuki Moriyama to third
|
Batting: RHB Chiang-hui Hsi
|
0-0: Swinging Strike 0-1: Called Strike 0-2: Ball 1-2: Ball 2-2: Foul Ball, location: 2F 2-2: Ball 3-2: Base on Balls Sun-wei Kuai to second
|
Batting: RHB Mario Avila
|
0-0: Called Strike 0-1: Called Strike 0-2: Foul Ball, location: 2F 0-2: Ball 1-2: Ball 2-2: Foul Ball, location: 2F 2-2: Ball 3-2: Fly out, F8 (Flyball, 8RM, EV 82.5 MPH)
|
Bottom of the 7th over - 1 run, 1 hit, 1 error, 3 left on base; Arizona State University 2 - Oregon State University 10 |
TOP OF THE 8TH |
Arizona State University Sun Devils batting - Pitching for Oregon State University Beavers : RHP Zachary Whilden
|
Batting: RHB Alonzo Cardona
|
0-0: Foul Ball, location: 2F 0-1: Fly out, F7 (Flyball, 7LM, EV 98.8 MPH)
|
Batting: RHB Raul Vargas
|
0-0: Called Strike 0-1: Ball 1-1: Ball 2-1: Ball 3-1: Base on Balls
|
Batting: LHB Pedro Garza
|
0-0: SINGLE (Groundball, 34, EV 85.6 MPH) (infield hit) Raul Vargas to second
|
Batting: SHB Joan Coucieiro
|
0-0: Ball 1-0: Ball 2-0: Foul Ball, location: 2F 2-1: Foul Ball, location: 2F 2-2: Fly out, F7 (Flyball, 7LM, EV 95.0 MPH)
|
Batting: RHB Jordan Dugue
|
0-0: Ball 1-0: Ball 2-0: Ball 3-0: Called Strike 3-1: Foul Ball, location: 2F 3-2: Foul Ball, location: 2F 3-2: Foul Ball, location: 2F 3-2: Foul Ball, location: 2F 3-2: SINGLE (Line Drive, 4M, EV 103.8 MPH) Raul Vargas to third Pedro Garza to second Raul Vargas scores Pedro Garza to third
|
Batting: RHB Wilfrid Telgen
|
0-0: Ball 1-0: Ball 2-0: Foul Ball, location: 2F 2-1: Foul Ball, location: 2F 2-2: Foul Ball, location: 2F 2-2: Ball 3-2: Base on Balls Jordan Dugue to second
|
Pitching: LHP Jim Unknown
|
|
Batting: RHB Adrian Quilantan
|
0-0: Ground out U3 (Groundball, 34S, EV 82.5 MPH)
|
Top of the 8th over - 1 run, 2 hits, 0 errors, 3 left on base; Arizona State University 3 - Oregon State University 10 |
BOTTOM OF THE 8TH |
Oregon State University Beavers batting - Pitching for Arizona State University Sun Devils : LHP Jim Unknown
|
Pinch Hitting: RHB Steve Webb
|
0-0: Called Strike 0-1: SINGLE (Flyball, 89S, EV 90.6 MPH)
|
Batting: RHB Gary Smith
|
0-0: Called Strike 0-1: Ball 1-1: Swinging Strike 1-2: Ball 2-2: Foul Ball, location: 2F 2-2: Ball 3-2: Strikes out swinging
|
Batting: LHB Chad Carlson
|
0-0: Called Strike 0-1: 2-RUN HOME RUN (Flyball, 7D, EV 95.0 MPH), Distance : 383 ft
|
Pitching: RHP Jim Unknown
|
|
Batting: RHB Edwin Sierra
|
0-0: Ball 1-0: Ball 2-0: Ball 3-0: Base on Balls
|
Batting: RHB Yasuyuki Moriyama
|
0-0: Grounds into double play, 4-6-3 (Groundball, 4, EV 89.4 MPH)
|
Bottom of the 8th over - 2 runs, 2 hits, 0 errors, 0 left on base; Arizona State University 3 - Oregon State University 12 |
TOP OF THE 9TH |
Arizona State University Sun Devils batting - Pitching for Oregon State University Beavers : LHP Jim Unknown
|
Now at 1B: Xavier Williams
|
|
Batting: RHB Bobby Johannsen
|
0-0: Called Strike 0-1: Ball 1-1: Hit by Pitch
|
Batting: LHB Kenny Jackson
|
0-0: Ball 1-0: Swinging Strike 1-1: Fly out, F9 (Line Drive, 9, EV 95.0 MPH)
|
Batting: RHB Alonzo Cardona
|
0-0: Ball 1-0: Called Strike 1-1: Fly out, F7 (Flyball, 7, EV 95.6 MPH)
|
Batting: RHB Raul Vargas
|
0-0: Ball 1-0: Foul Ball, location: 2F 1-1: Ground out 5-3 (Groundball, 5S, EV 76.9 MPH)
|
Top of the 9th over - 0 runs, 0 hits, 0 errors, 1 left on base; Arizona State University 3 - Oregon State University 12 |
|